 Dungeon Crawl Stone Soup version 0.27-a0-887-gcab673c142 (webtiles) character file.

Game seed: 6731402266388359735

46 Lanoc the Shooter (level 3, -1/21 HPs)
             Began as a Deep Elf Hunter on Apr 3, 2021.
             Was a Believer of Uskayaw.
             Slain by a bullfrog skeleton (3 damage)
             ... on level 3 of the Dungeon.
             The game lasted 00:03:31 (3830 turns).

Lanoc the Shooter (Deep Elf Hunter)                 Turns: 3830, Time: 00:03:32

Health: -1/21      AC:  6    Str:  9    XL:     3   Next: 46%
Magic:  5/5        EV: 12    Int: 15    God:    Uskayaw [**....]
Gold:   107        SH:  0    Dex: 16    Spells: 2/2 levels left

rFire    . . .     SeeInvis .   a - +1 shortbow
rCold    . . .     Faith    .   (shield currently unavailable)
rNeg     . . .     Spirit   .   c - +0 leather armour
rPois    .         Reflect  .   (no helmet)
rElec    .         Harm     .   g - +0 cloak
rCorr    .         Rampage  .   (no gloves)
Will     .....                  j - +1 pair of boots {Fly}
Stlth    ++........             k - amulet of magic regeneration
HPRegen  0.07/turn              (no ring)
MPRegen  0.34/turn              (no ring)

@: flying
A: no striking features
a: Renounce Religion, Stomp, Line Pass


You were on level 3 of the Dungeon.
You worshipped Uskayaw.
Uskayaw was noncommittal.
You visited 1 branch of the dungeon, and saw 3 of its levels.

You collected 107 gold pieces.

Inventory:

Hand Weapons
 a - a +1 shortbow (weapon)
 b - a +0 short sword
Missiles
 d - 11 arrows (quivered ammo)
Armour
 c - a +0 leather armour (worn)
 g - a +0 cloak (worn)
 j - a +1 pair of boots of flying (worn)
Jewellery
 k - an amulet of magic regeneration (around neck)
Scrolls
 h - 2 scrolls of summoning {unknown}
 i - a scroll of fear {unknown}
Potions
 e - a potion of curing {unknown}
 f - a potion of degeneration {unknown}


   Skills:
 + Level 2.1 Fighting
 * Level 6.2 Bows
 + Level 3.1 Dodging
 - Level 1.2 Stealth


You had 2 spell levels left.
You didn't know any spells.
Your spell library was empty.

Dungeon Overview and Level Annotations

Branches:
Dungeon (3/15)

Altars:
Uskayaw

Annotations:
D:3 Sigmund


Message History

Fire: 17 arrows
Press: ? - help, Q - select action, (/) - cycle Shift-Dir - straight line, f - bullfrog skeleton
Aim: a bullfrog skeleton (lightly damaged, 81% to hit)
You shoot an arrow. The arrow hits the bullfrog skeleton.
The bullfrog skeleton is moderately damaged.
The bullfrog skeleton hits you.
Fire: 16 arrows
Press: ? - help, Q - select action, (/) - cycle Shift-Dir - straight line, f/p - bullfrog skeleton
Aim: a bullfrog skeleton (moderately damaged, 81% to hit)
You shoot an arrow. The arrow hits the bullfrog skeleton.
The bullfrog skeleton is moderately damaged.
The bullfrog skeleton completely misses you.
Fire: 15 arrows
Press: ? - help, Q - select action, (/) - cycle Shift-Dir - straight line, f/p - bullfrog skeleton
Aim: a bullfrog skeleton (moderately damaged, 81% to hit)
You shoot an arrow. The arrow hits the bullfrog skeleton.
The bullfrog skeleton is heavily damaged.
The bullfrog skeleton barely misses you.
Fire: 14 arrows
Press: ? - help, Q - select action, (/) - cycle Shift-Dir - straight line, f/p - bullfrog skeleton
Aim: a bullfrog skeleton (heavily damaged, 81% to hit)
You shoot an arrow. The arrow hits the bullfrog skeleton.
The bullfrog skeleton is heavily damaged.
The bullfrog skeleton hits you. x2
* * * LOW HITPOINT WARNING * * *
You can now pass through a line of other dancers.
Fire: 13 arrows
Press: ? - help, Q - select action, (/) - cycle Shift-Dir - straight line, f/p - bullfrog skeleton
Aim: a bullfrog skeleton (heavily damaged, 81% to hit)
You shoot an arrow.
The arrow barely misses the bullfrog skeleton.
The bullfrog skeleton hits you.
* * * LOW HITPOINT WARNING * * *
Fire: 12 arrows
Press: ? - help, Q - select action, (/) - cycle Shift-Dir - straight line, f/p - bullfrog skeleton
Aim: a bullfrog skeleton (heavily damaged, 81% to hit)
You shoot an arrow.
The arrow barely misses the bullfrog skeleton.
The bullfrog skeleton hits you.
You die...

##### ## #. o...##
#######. #.###...#
#.<.....
#.#.....####.#####.
#Z#.#...รท..oo......
#.@....#####.#####.
###.#### #.# #.....#
#.. #..##.# ####
#..##.#
#...#.##########
#.#......#.....#
#.#.#.##.#..>..#
#.....##.#.....##>


You could see a bullfrog skeleton.

Vanquished Creatures
  2 dart slugs
  2 ball pythons (D:2)
  7 endoplasms (D:1)
  A giant cockroach (D:2)
  4 hobgoblins
  4 jackals (D:1)
  4 bats
  3 frilled lizards
  2 goblins (D:1)
  5 kobolds
  5 rats
39 creatures vanquished.

Notes
Turn   | Place    | Note
-------+----------+-------------------------------------------
     0 | D:1      | Lanoc the Deep Elf Hunter began the quest for the Orb.
     0 | D:1      | Reached XP level 1. HP: 12/12 MP: 3/3
   401 | D:1      | Reached XP level 2. HP: 17/17 MP: 4/4
  1128 | D:1      | Reached skill level 6 in Bows
  1571 | D:1      | Reached XP level 3. HP: 21/21 MP: 5/5
  2386 | D:2      | Found a faded altar of an unknown god.
  2405 | D:2      | Became a worshipper of Uskayaw the Reveller
  2405 | D:2      | Reached * piety under Uskayaw
  3195 | D:2      | Reached ** piety under Uskayaw
  3686 | D:3      | Noticed Sigmund
  3830 | D:3      | Slain by a bullfrog skeleton

Illustrated notes

Levels and vault maps discovered:
D:1:      matt_arrival_diagonals, layout_basic, serial_co_window_serial,
          co_window_paths_a, co_window_corner_a, co_window_paths_a,
          co_window_corner_a, co_window_of_opportunity_a, co_window_corner_a,
          co_window_paths_a, co_window_cross_3, co_window_corner_b,
          co_window_cross_2, co_window_corner_b, glass_columns_a
D:2:      layout_basic, shapermc_ecumenical_altar_totnotflames
D:3:      layout_loops_cross, serial_shops, shop, uniq_grinder, uniq_sigmund

Skill      XL: |  1  2  3 |
---------------+----------+-----
Bows           | 6 |  6.2
Dodging        | 3 |  3.1
Fighting       | 2 |  2.1
Stealth        | |  1.2

Action                   || total
-------------------------++-------
Melee: Short sword       ||   109
 Fire: Shortbow          ||    44
 Stab: Sleeping          ||     2
Armor: Leather armour    ||    35
Dodge: Dodged            ||    85

Table legend: (Time is in decaauts)
 A = Elapsed time spent in this place.
 B = Non-inter-level travel time spent in this place.
 C = Inter-level travel time spent in this place.
 D = Time resting spent in this place.
 E = Time spent auto-exploring this place.
 F = Levels seen in this place.
 G = Mean time per level.
                   A        B        C        D        E       F      G
               +--------+--------+--------+--------+--------+-----+--------+
         Total |   3835 |   3720 |    115 |    210 |   3099 |   3 | 1278.3 |
       Dungeon |   3835 |   3720 |    115 |    210 |   3099 |   3 | 1278.3 |
               +--------+--------+--------+--------+--------+-----+--------+

Top non-repeatable levels by time:
     D:1: 2084 daAuts
     D:2: 1635 daAuts
     D:3: 114 daAuts
